 Dungeon Crawl Stone Soup version 0.26-a0-651-gb41185065b (webtiles) character file.

Game seed: 18395038296749533674

(classic levelgen) 6 EnegeticOcto the Covered (level 1, -4/20 HPs)
             Began as a Deep Dwarf Fighter on Oct 9, 2020.
             Killed from afar by an orc wizard (5 damage)
             ... with a magic dart
             ... on level 3 of the Dungeon.
             The game lasted 00:00:14 (254 turns).

EnegeticOcto the Covered (Deep Dwarf Fighter)        Turns: 254, Time: 00:00:14

Health: -4/20      AC:  8    Str: 19    XL:     1   Next: 75%
Magic:  0/0        EV:  4    Int:  8    God:
Gold:   72         SH:  9    Dex: 12    Spells: 0/0 levels left

rFire    . . .     SeeInvis .   a - +0 war axe
rCold    . . .     Faith    .   c - +0 kite shield
rNeg     . . .     Spirit   .   b - +0 scale mail
rPois    .         Reflect  .   (no helmet)
rElec    .         Harm     .   g - +0 cloak
rCorr    .         Rampage  .   (no gloves)
MR       .....                  (no boots)
Stlth    ..........             (no amulet)
HPRegen  0.00/turn              (no ring)
MPRegen  0.07/turn              (no ring)

@: non-regenerating, constricted
A: damage resistance, heal wounds, sense surroundings 1, no regeneration
a: Heal Wounds


You were on level 3 of the Dungeon.
You visited 1 branch of the dungeon, and saw 3 of its levels.

You collected 72 gold pieces.

Inventory:

Hand Weapons
 a - a +0 war axe (weapon)
Armour
 b - a +0 scale mail (worn)
 c - a +0 kite shield (worn)
 g - a +0 cloak (worn)
Scrolls
 e - 2 scrolls of identify {unknown}
 f - 2 scrolls of remove curse {unknown}
Potions
 d - a potion of might {@q3}
 h - a potion of curing {unknown}
 i - 2 potions of mutation {unknown}
 j - a potion of heal wounds {unknown}


   Skills:
 + Level 2.7 Fighting
 * Level 2.4 Axes
 + Level 3.3 Armour
 + Level 3.3 Shields


You couldn't memorise any spells.
You didn't know any spells.
Your spell library was empty.

Dungeon Overview and Level Annotations

Branches:
Dungeon (3/15)

Altars:


Innate Abilities, Weirdness & Mutations

You are resistant to damage.
You can heal yourself by infusing magical energy.
You passively map a small area around you.
You do not regenerate.


Message History

No target in view!
No target in view!
No target in view!
No target in view!
No target in view!
No target in view!
No target in view!
No target in view!
No target in view!
No target in view!
No target in view!
(D) Dungeon
Where to? (Enter - D:2, ? - help)
There is a stone staircase leading down here.
You climb downwards.
An orc, an orc priest and an orc wizard come into view.
The orc priest is wielding a +2 hand axe of freezing.
The orc wizard is wielding a +0 dagger of freezing.
The orc priest shouts!
The orc wizard shouts!
The orc shouts!
You hear a shout! x2
Found 14 gold pieces.
There is a stone staircase leading up here.
There are monsters nearby!
There are monsters nearby!
An orc and an orc priest come into view.
The orc shouts!
The orc priest shouts!
A ball python comes into view.
You block the orc wizard's attack.
The orc priest looks satisfied for a moment.
Your shield and scale mail prevent you from hitting the orc wizard.
The ball python hisses angrily.
The orc wizard gestures at you while chanting.
The puff of flame misses you.
You closely miss the orc wizard.
The orc wizard hits you but does no damage.
You block the orc wizard's attack.
You slash the orc priest!
The orc priest is heavily wounded.
You hit the orc wizard. You hit the orc. You block the orc's attack.
The orc priest calls down the wrath of Beogh upon you.
Pain shoots through your body!
Ouch! That really hurt!
The orc wizard closely misses you. You block the orc's attack.
The orc barely misses you.
You are too injured to fight recklessly!
You are too injured to fight recklessly!
You are too injured to fight recklessly!
You are too injured to fight recklessly!
You are too injured to fight recklessly!
You are too injured to fight recklessly!
You are too injured to fight recklessly!
You are too injured to fight recklessly!
You are too injured to fight recklessly!
You are too injured to fight recklessly!
You are too injured to fight recklessly!
You are too injured to fight recklessly!
You are too injured to fight recklessly!
You are too injured to fight recklessly!
You are too injured to fight recklessly!
You are too injured to fight recklessly!
You are too injured to fight recklessly!
You are too injured to fight recklessly!
You fail to use your ability.
The orc priest barely misses you. You block the orc wizard's attack.
The orc hits you with a cursed +0 dagger.
The orc hits you with a +0 flail.
You are too injured to fight recklessly!
You are too injured to fight recklessly!
You are too injured to fight recklessly!
You are too injured to fight recklessly!
You are too injured to fight recklessly!
You fail to use your ability.
The orc priest hits you with a +2 hand axe of freezing.
* * * LOW HITPOINT WARNING * * *
The orc priest freezes you.
The orc wizard hits you but does no damage.
The orc hits you but does no damage.
Your magical essence is drained by the effort!
You feel much better. The orc wizard barely misses you.
The orc priest calls down the wrath of Beogh upon you.
Beogh smites you!
Ouch! That really hurt!
The orc hits you but does no damage.
You closely miss the orc priest.
The orc priest is moderately wounded.
You hit the orc wizard. You closely miss the orc. You hit the orc.
Your scale mail prevents you from hitting the ball python.
The ball python bites you. The ball python grabs you.
The ball python constricts you. The orc closely misses you.
The orc priest calls upon Beogh to heal the orc.
The orc's wounds heal themselves!
The orc wizard hits you with a +0 dagger of freezing.
The orc wizard freezes you.
The orc priest invokes the aid of Beogh against you.
Pain shoots through your body!
* * * LOW HITPOINT WARNING * * *
You block the orc's attack.
The ball python bites you but does no damage.
The ball python constricts you. The orc hits you but does no damage.
The orc wizard points at you and mumbles some strange words.
The magic dart hits you!
You die...

, , ##.
* * * ..
, , .. ,
,*
###.###
* * ,
....o# *
, ,#.#.#
* *
#.#oSo#,
, *
#..o@o#
,#######
* , * ,
, * , *
, * , ,
, * * ,


You could see 2 orc priests, an orc wizard, 2 orcs and a ball python.

Vanquished Creatures
  2 goblins (D:2)
  A hobgoblin (D:2)
  A kobold (D:2)
  A rat (D:1)
5 creatures vanquished.

Notes
Turn   | Place    | Note
-------+----------+-------------------------------------------
     0 | D:1      | EnegeticOcto the Deep Dwarf Fighter began the quest for the
                  | Orb.
     0 | D:1      | Reached XP level 1. HP: 20/20 MP: 1/1
   246 | D:3      | Noticed an orc priest
   246 | D:3      | Noticed an orc wizard
   247 | D:3      | Noticed an orc priest
   254 | D:3      | HP: 1/20 [orc priest/nerve-wracking pain (8)]
   254 | D:3      | Killed from afar by an orc wizard

Illustrated notes

Levels and vault maps discovered:
D:1:      nzn_arrival_depleted_hourglass, layout_loops_ring,
          serial_co_window_serial, co_window_paths_a, co_window_corner_a,
          co_window_corner_a, co_window_paths_a, co_window_of_opportunity_a,
          co_window_unsneaky_path_a, co_window_2corner,
          co_window_of_opportunity_b, glass_columns_b, glass_columns_a,
          glass_columns_b, glass_columns_a
D:2:      layout_loops_cross
D:3:      layout_basic

Action                   || total
-------------------------++-------
Melee: War axe           ||    12
 Abil: Heal Wounds       ||     1
Armor: Scale mail        ||     7
Dodge: Dodged            ||     8
Block: Kite shield       ||     9

Table legend: (Time is in decaauts)
 A = Elapsed time spent in this place.
 B = Non-inter-level travel time spent in this place.
 C = Inter-level travel time spent in this place.
 D = Time resting spent in this place.
 E = Time spent auto-exploring this place.
 F = Levels seen in this place.
 G = Mean time per level.
                   A        B        C        D        E       F      G
               +--------+--------+--------+--------+--------+-----+--------+
         Total |    258 |    236 |     22 |      0 |    172 |   3 |   86.0 |
       Dungeon |    258 |    236 |     22 |      0 |    172 |   3 |   86.0 |
               +--------+--------+--------+--------+--------+-----+--------+

Top non-repeatable levels by time:
     D:1: 135 daAuts
     D:2: 113 daAuts
     D:3: 9 daAuts
